 Dungeon Crawl Stone Soup version 0.31-a0-846-gb3bcc0d938 (webtiles) character file.

Game seed: 5177867829027313773

161443 Charly the Eclecticist (level 17, -6/100 HPs)
             Began as a Deep Elf Fire Elementalist on Oct 3, 2023.
             Was a Follower of Uskayaw.
             Killed by an exploding ball lightning (9 damage)
             ... on level 4 of the Shoals on Oct 4, 2023.
             The game lasted 02:12:14 (40388 turns).

Charly the Eclecticist (DEFE)                      Turns: 40388, Time: 02:12:15

Health: -6/100     AC: 15    Str:  6    XL:     17   Next: 20%
Magic:  35/52      EV:  9    Int: 38    God:    Uskayaw [*.....]
Gold:   1158       SH: 12    Dex: 19    Spells: 30/56 levels left

rFire   . . .        I - staff of air
rCold   + + .        T - +1 kite shield {rPois}
rNeg    . . .        U - +2 leather armour of Orthodoxy {Regen+ Str-5 Int+8 Stlth-}
rPois   +            E - +2 hat
rElec   +            K - +2 cloak
rCorr   +            y - +1 pair of gloves of Modern Contentment {Str+7}
SInv    .            v - +2 pair of boots {Fly}
Will    +....        u - amulet of faith Stlth
                     W - ring of magical power
HPRegen 1.16/turn    P - ring of Accord {rC++ rCorr Int+2 Slay+2 Stlth-}
MPRegen 0.33/turn

%: faith
@: flying, studying Unarmed Combat
A: agile 1
a: Renounce Religion, Stomp


You were on level 4 of the Shoals.
You worshipped Uskayaw.
Uskayaw was pleased with you.
You visited 4 branches of the dungeon, and saw 26 of its levels.
You also visited: Gauntlet.

You collected 3072 gold pieces.
You spent 1914 gold pieces at shops.

Inventory:

Missiles
 D - a throwing net
 F - 11 curare-tipped darts
Armour
 v - a +2 pair of boots of flying (worn)
 y - the +1 pair of gloves of Modern Contentment (worn) {Str+7}
   (You found it on level 3 of the Shoals)

   Str+7:     It affects your strength (+7).
 E - a +2 hat (worn)
 K - a +2 cloak (worn)
 T - a +1 kite shield of poison resistance (worn)
 U - the +2 leather armour of Orthodoxy (worn) {Regen+ Str-5 Int+8 Stlth-}
   (You bought it in a shop on level 2 of the Orcish Mines)

   Str-5:     It affects your strength (-5).
   Int+8:     It affects your intelligence (+8).
   Regen+:    It increases your rate of health regeneration.
   Stlth-:    It makes you less stealthy.
Magical Staves
 d - a staff of conjuration
 B - a staff of fire
 I - a staff of air (weapon)
Jewellery
 f - the ring of Medarghul {Fly rF++}
   (You found it on level 1 of the Shoals)

   [ring of flight]

   rF++:      It greatly protects you from fire.
   Fly:       It grants you flight.
 i - a ring of see invisible
 n - a ring of positive energy
 p - a ring of fire
 u - an amulet of faith (around neck)
 P - the ring of Accord (right hand) {rC++ rCorr Int+2 Slay+2 Stlth-}
   (You found it on level 5 of the Lair of Beasts)

   [ring of resist corrosion]

   Int+2:     It affects your intelligence (+2).
   Slay+2:    It affects your accuracy & damage with ranged weapons and melee
   (+2).
   rC++:      It greatly protects you from cold.
   rCorr:     It protects you from acid and corrosion.
   Stlth-:    It makes you less stealthy.
 W - a ring of magical power (left hand)
Wands
 s - a wand of polymorph (13)
 w - a wand of flame (46)
 H - a wand of charming (9)
 N - a wand of roots (13)
 R - a wand of acid (2)
Scrolls
 h - 2 scrolls of revelation
 j - a scroll of brand weapon {unknown}
 o - 5 scrolls of teleportation
 t - 2 scrolls of blinking {unknown}
 x - 4 scrolls of fog
 J - 3 scrolls of amnesia {unknown}
 S - 3 scrolls of poison
 V - 3 scrolls of torment
Potions
 a - 3 potions of attraction
 b - 3 potions of magic
 g - 3 potions of enlightenment
 k - 2 potions of ambrosia
 m - 11 potions of curing
 q - 3 potions of might
 r - 3 potions of brilliance
 A - 4 potions of lignification
 C - 2 potions of heal wounds
 G - a potion of berserk rage {unknown}
 L - 3 potions of mutation
 M - 2 potions of cancellation
 O - a potion of haste
Miscellaneous
 Q - a phantom mirror


   Skills:
 - Level 9.0 Fighting
 - Level 2.4 Dodging
 - Level 2.4 Stealth
 + Level 5.8 Shields
 + Level 20.3 Spellcasting
 + Level 17.0 Conjurations
 + Level 2.3 Translocations
 - Level 10.0 Fire Magic
 + Level 12.9 Air Magic
 - Level 12.0 Invocations
 - Level 5.0 Evocations


You had 30 spell levels left.
You knew the following spells:

 Your Spells              Type           Power      Damage    Failure   Level
a - Foxfire               Conj/Fire      100%       2x1d9     1%          1
b - Blink                 Tloc           100%       N/A       4%          2
c - Flame Wave            Conj/Fire      96%        2d20      1%          4
d - Conjure Ball Lightni  Conj/Air       61%        3x3d22    2%          6
e - Scorch                Fire           100%       2d9       1%          2
f - Volatile Blastmotes   Fire/Tloc      100%       2d18      1%          3
q - Swiftness             Air            100%       N/A       1%          3
z - Arcjolt               Conj/Air       61%        1d71      1%          5

Your spell library contained the following spells:

 Spells                   Type           Power      Damage    Failure   Level
 Kiss of Death            Conj/Necr      100%       2d13      1%          1
 Cigotuvi's Dreadful Rot  Necr/Pois/Air  100%       N/A       1%          2
 Momentum Strike          Conj/Tloc      100%       3d10      1%          2
 Poisonous Vapours        Pois/Air       100%       N/A       1%          2
 Hailstorm                Conj/Ice       80%        3d16      1%          3
 Mephitic Cloud           Conj/Pois/Air  100%       N/A       1%          3
 Inner Flame              Hex/Fire       66%        N/A       2%          3
 Vhi's Electric Charge    Tloc/Air       100%       N/A       3%          4
 Freezing Cloud           Conj/Ice/Air   53%        6-21      3%          5
 Lesser Beckoning         Tloc           100%       N/A       4%          2
 Necrotise                Necr           100%       1d9       7%          1
 Slow                     Hex            100%       N/A       7%          1
 Gell's Gravitas          Tloc           54%        N/A       9%          3
 Teleport Other           Tloc           54%        N/A       9%          3
 Ensorcelled Hibernation  Hex/Ice        76%        N/A       11%         2
 Passwall                 Tmut/Erth      31%        N/A       11%         2
 Confusing Touch          Hex            38%        N/A       22%         3
 Sigil of Binding         Hex            38%        N/A       22%         3
 Vampiric Draining        Necr           38%        2d8       22%         3
 Manifold Assault         Tloc           54%        N/A       26%         4
 Dispel Undead            Necr           38%        3d16      56%         4
 Summon Ice Beast         Ice/Summ       38%        N/A       56%         4
 Summon Forest            Summ/Tloc      23%        N/A       77%         5
 Agony                    Necr           38%        N/A       89%         5
 Yara's Violent Unravell  Hex/Tmut       19%        3d9       89%         5
 Maxwell's Capacitive Co  Air            58%        ∞         92%         8
 Death Channel            Necr           19%        N/A       100%        6
 Eringya's Noxious Bog    Tmut/Pois      19%        4d6       100%        6
 Simulacrum               Ice/Necr       19%        N/A       100%        6
 Enfeeble                 Hex            19%        N/A       100%        7
 Summon Hydra             Summ           19%        N/A       100%        7
 Discord                  Hex            19%        N/A       100%        8
 Disjunction              Tloc           27%        N/A       100%        8
 Chain Lightning          Conj/Air       61%        3d82      100%        9
 Fire Storm               Conj/Fire      48%        8d12      100%        9
 Shatter                  Erth           19%        3d17*     100%        9


Dungeon Overview and Level Annotations

Branches:
Dungeon (15/15)            Temple (0/1) D:7            Lair (5/5) D:11
 Shoals (4/4) Lair:3       Spider (0/4) Lair:2        Slime (0/5) Lair:5
    Orc (2/2) D:10            Elf (0/3) Orc:2        Vaults (0/5) D:14
 Depths (0/4) D:15        Gauntlet (visited)

Altars:
Dithmenos
Elyvilon
Gozag
Hepliaklqana
Kikubaaqudgha
Nemelex Xobeh
Sif Muna
Uskayaw
Vehumet
Wu Jian
The Shining One

Shops:
D:11 [=((   Orc:1 *   Orc:2 :(*[(   Shoals:3 [

Annotations:
D:2 1 runed translucent door, Crazy Yiuf


Innate Abilities, Weirdness & Mutations

You are agile. (Dex +4, Str/Int -1)


Message History

The water elemental resists.
The water elemental is moderately damaged.
The blast of lightning engulfs your ball lightning.
Your ball lightning completely resists.
The blast of lightning engulfs your ball lightning.
Your ball lightning completely resists.
Your ball lightning explodes!
The blast of lightning engulfs the water elemental!
The water elemental resists.
The water elemental is severely damaged.
The blast of lightning engulfs your ball lightning.
Your ball lightning completely resists.
Your ball lightning explodes!
The blast of lightning engulfs the water elemental!
The water elemental resists.
The water elemental is almost destroyed.
The blast of lightning engulfs your ball lightning.
Your ball lightning completely resists.
The blast of lightning engulfs you! You resist.
* * * LOW HITPOINT WARNING * * *
You hear a shout!
Your ball lightning explodes!
The blast of lightning engulfs your ball lightning.
Your ball lightning completely resists.
The blast of lightning engulfs your ball lightning.
Your ball lightning completely resists.
The blast of lightning engulfs you! You resist.
* * * LOW HITPOINT WARNING * * *
The blast of lightning engulfs the water elemental!
The water elemental resists.
You destroy the water elemental!
The merfolk javelineer throws a javelin.
The javelin pierces through your ball lightning!
The javelin pierces through you!
* * * LOW HITPOINT WARNING * * *
Your ball lightning explodes!
The blast of lightning engulfs your ball lightning.
Your ball lightning completely resists.
The blast of lightning engulfs you! You resist.
You die...

.........).#
~~~........## .~
~~...)...†..# ..~
~~~.........## #..~
~~~..).....).##...~
~~~..~....~~~....~~
~.†.m.)..[.§§...~~~
.............†.~~~≈
~........§.@....~≈≈
###~....*§§....~~≈≈
##.........~~~~≈≈
##~...††..~~~≈≈≈
##.......~~~≈≈≈
#.P.......~≈≈≈
#......~~~~≈≈≈
#...P.~~~≈≈≈≈≈
..~~~~~~≈≈≈≈≈


You could see a merfolk javelineer (ally target) and a friendly ball lightning.

Vanquished Creatures
  A kraken (Shoals:1)
  2 sphinxes (D:13)
  Gastronok (D:11)
  Polyphemus (Shoals:2)
  Kirke (D:12)
  Louise (D:15)
  A stone giant (Shoals:1)
  A minotaur (Gauntlet)
  2 dire elephants
  A merfolk impaler (Shoals:3)
  Erolcha (D:11)
  A hell beast (Gauntlet)
  5 hydras
  A rakshasa (D:13)
  A vault guard (D:14)
  Harold (D:9)
  4 merfolk avatars
  4 satyrs
  6 boulder beetles
  2 catoblepae
  3 centaur warriors
  6 merfolk aquamancers
  12 two-headed ogres
  2 ogre magi (D:15)
  A death knight (D:15)
  9 death yaks
  An orc high priest (Orc:2)
  2 tengu warriors (D:15)
  2 soul eaters (D:14)
  Sonja (Orc:1)
  3 skysharks
  11 skeletal warriors
  5 sea snakes
  A wizard (D:13)
  Pikel (D:6)
  2 lindwurms
  2 necromancers (D:13)
  7 ugly things
  25 harpies
  3 deep elf pyromancers
  11 fauns
  2 wolf spiders (Lair:2)
  21 manticores
  6 orc sorcerers
  11 cyclopes
  10 merfolk sirens
  12 elephants (Lair:5)
  6 black mambas
  5 water nymphs
  A torpor snail (Lair:4)
  A rust devil (D:13)
  7 cane toads
  A gargoyle (D:11)
  5 rime drakes
  Psyche (D:9)
  A kobold demonologist (D:9)
  10 komodo dragons
  A tengu conjurer (D:13)
  2 ice devils (D:14)
  13 polar bears
  2 hellwings (D:14)
  A meliai (shapeshifter) (D:14)
  13 merfolk
  8 trolls
  3 wind drakes
  A hornet (D:11)
  21 blink frogs
  9 dream sheep
  5 raiju (Lair:5)
  8 snapping turtles
  3 flying skulls (Gauntlet)
  18 slime creatures
  2 shadows (D:12)
  29 yaks
  10 water elementals
  A ynoxinul (D:14)
  8 wyverns
  7 humans (D:14)
  2 wraiths
  6 basilisks
  A chaos spawn (D:14)
  9 hogs
  A redback (Lair:2)
  12 vampire mosquitoes
  9 wargs
  2 acid dragons
  12 hell hounds
  9 water moccasins
  A sky beast (D:8)
  2 floating eyes (D:13)
  A swamp drake (D:11)
  22 orc warriors
  14 black bears
  7 boggarts (D:13)
  17 wolves
  7 ogres
  6 centaurs
  4 lemures (D:6)
  A phantom (D:3)
  12 kobold brigands
  9 bullfrogs
  5 scorpions
  17 wights
  12 killer bees
  4 howler monkeys
  3 electric eels (D:10)
  3 hounds
  23 orc priests
  A sleepcap (D:6)
  5 iguanas
  Jessica (D:2)
  Terence (D:2)
  38 orc wizards
  10 gnolls
  5 adders
  A dart slug (D:4)
  69 orcs
  11 endoplasms
  6 giant cockroaches
  9 goblins
  8 hobgoblins
  18 kobolds
  2 quokkas
  6 ball pythons
  3 bats
  A frilled lizard (D:1)
  6 rats
847 creatures vanquished.

Vanquished Creatures (collateral kills)
  28 ball lightnings
28 creatures vanquished.

Vanquished Creatures (others)
  A vault guard (D:14)
  4 humans
  554 ball lightnings
  252 foxfires
811 creatures vanquished.

Grand Total: 1686 creatures vanquished

Notes
Turn   | Place    | Note
-------+----------+-------------------------------------------
     0 | D:1      | Charly the Deep Elf Fire Elementalist began the quest for
                  | the Orb.
     0 | D:1      | Reached XP level 1. HP: 10/10 MP: 6/6
   260 | D:1      | Reached skill level 1 in Fighting
   370 | D:1      | Reached XP level 2. HP: 16/16 MP: 6/8
   435 | D:1      | Learned a level 2 spell: Scorch
   822 | D:1      | Found a faded altar of an unknown god.
  1134 | D:2      | Noticed Terence
  1214 | D:2      | Killed Terence
  1215 | D:2      | Reached XP level 3. HP: 21/21 MP: 0/9
  1218 | D:2      | Noticed Jessica
  1352 | D:2      | Killed Jessica
  1353 | D:2      | Reached XP level 4. HP: 26/26 MP: 3/11
  2426 | D:2      | Found a runed translucent door.
  2427 | D:2      | Noticed Crazy Yiuf
  2659 | D:3      | Found the amulet of Elemental Vulnerability {rPois rF--
                  | rC-- AC+8}
  2665 | D:3      | Noticed a phantom
  2671 | D:3      | Learned a level 3 spell: Volatile Blastmotes
  2846 | D:3      | Reached skill level 4 in Spellcasting
  3093 | D:3      | Killed a phantom
  3094 | D:3      | Reached XP level 5. HP: 30/30 MP: 1/13
  3234 | D:3      | Found a hide-covered altar of Uskayaw.
  3242 | D:3      | Became a worshipper of Uskayaw the Reveller
  3381 | D:3      | Reached * piety under Uskayaw
  3585 | D:3      | Found a hazy altar of Hepliaklqana.
  3692 | D:4      | Found a glowing golden altar of the Shining One.
  3704 | D:4      | Reached ** piety under Uskayaw
  3725 | D:4      | Reached skill level 1 in Invocations
  3758 | D:4      | Reached skill level 5 in Spellcasting
  3758 | D:4      | Reached XP level 6. HP: 35/35 MP: 7/15
  4669 | D:4      | Reached skill level 5 in Fire Magic
  4795 | D:5      | Entered Level 5 of the Dungeon
  4821 | D:5      | Learned a level 4 spell: Flame Wave
  4875 | D:5      | Reached XP level 7. HP: 40/40 MP: 13/17
  5005 | D:5      | Reached *** piety under Uskayaw
  5071 | D:5      | Reached skill level 6 in Spellcasting
  5771 | D:5      | Reached skill level 1 in Evocations
  6273 | D:6      | Noticed Pikel
  6508 | D:6      | Reached **** piety under Uskayaw
  6509 | D:6      | Killed Pikel
  6510 | D:6      | Reached skill level 7 in Spellcasting
  6510 | D:6      | Reached skill level 5 in Conjurations
  6510 | D:6      | Reached XP level 8. HP: 41/44 MP: 6/20
  6817 | D:7      | Found a shimmering blue altar of Sif Muna.
  6931 | D:7      | Found a staircase to the Ecumenical Temple.
  6964 | D:7      | Found a shadowy altar of Dithmenos.
  7450 | D:7      | Found a sparkling altar of Nemelex Xobeh.
  7582 | D:8      | Reached skill level 5 in Invocations
  7582 | D:8      | Reached XP level 9. HP: 48/48 MP: 7/22
  7710 | D:8      | You fall into a shaft and drop 3 floors!
  7711 | D:11     | Found Turchuxt's Weapon Shop.
  7724 | D:11     | Noticed a cyclops
  7734 | D:11     | Noticed a troll
  7737 | D:10     | Entered Level 10 of the Dungeon
  7745 | D:10     | Reached skill level 8 in Spellcasting
  7746 | D:10     | Reached ***** piety under Uskayaw
  8084 | D:9      | Reached ****** piety under Uskayaw
  8125 | D:10     | Noticed a komodo dragon
  8298 | D:9      | Noticed Psyche
  8301 | D:9      | Killed Psyche
  8302 | D:9      | Reached skill level 5 in Evocations
  8325 | D:9      | Reached skill level 9 in Spellcasting
  8458 | D:9      | Noticed a two-headed ogre
  8504 | D:8      | Identified the +0 mace "Qithrogg" {protect, +Blink rF+
                  | Str+3}
  9113 | D:8      | Found an ancient bone altar of Kikubaaqudgha.
  9252 | D:8      | Reached XP level 10. HP: 53/53 MP: 13/25
 10236 | D:9      | Noticed a two-headed ogre
 10260 | D:9      | Killed a two-headed ogre
 10261 | D:9      | Reached skill level 10 in Spellcasting
 10625 | D:9      | Noticed Harold
 10639 | D:9      | Killed Harold
 10734 | D:9      | Noticed a two-headed ogre
 11034 | D:9      | Killed a two-headed ogre
 11035 | D:9      | Reached skill level 11 in Spellcasting
 11714 | D:10     | Found an opulent altar of Gozag.
 11889 | D:10     | Reached XP level 11. HP: 57/57 MP: 20/28
 11989 | D:10     | Found an ornate altar of the Wu Jian Council.
 12020 | D:10     | Found a staircase to the Orcish Mines.
 12892 | D:11     | Noticed a boulder beetle
 12906 | D:11     | Killed a boulder beetle
 12922 | D:11     | Found Nopri's Antique Weapon Shoppe.
 12955 | D:11     | Reached skill level 10 in Fire Magic
 13023 | D:11     | Noticed a two-headed ogre
 13036 | D:11     | Killed a two-headed ogre
 13370 | D:11     | Noticed a brown ugly thing
 13389 | D:11     | Killed a brown ugly thing
 13626 | D:11     | Reached skill level 12 in Spellcasting
 13686 | D:11     | Found a runed translucent gate.
 13687 | D:11     | Found a runed translucent gate.
 13687 | D:11     | Noticed a death yak
 13688 | D:11     | Found a runed translucent gate.
 13688 | D:11     | Noticed a death yak
 13702 | D:11     | Found Voinab's Jewellery Shoppe.
 14000 | D:11     | Noticed Erolcha
 14021 | D:11     | Killed Erolcha
 14022 | D:11     | Reached skill level 10 in Conjurations
 14105 | D:11     | Found Garixuq's Armour Shop.
 14108 | D:11     | Noticed a boulder beetle
 14127 | D:11     | Killed a boulder beetle
 14144 | D:11     | Noticed Gastronok
 14474 | D:11     | Found a staircase to the Lair.
 14542 | D:11     | Bought a +2 pair of boots of flying for 301 gold pieces
 14569 | D:11     | Bought a ring of protection from cold for 425 gold pieces
 14594 | D:11     | Learned a level 5 spell: Arcjolt
 14595 | Lair:1   | Entered Level 1 of the Lair of Beasts
 14674 | Lair:1   | Reached skill level 1 in Air Magic
 14676 | Lair:1   | Reached XP level 12. HP: 13/67 MP: 16/30
 15134 | Lair:1   | Reached skill level 10 in Invocations
 15230 | Lair:1   | You are sucked into a shaft and drop 1 floor!
 15950 | Lair:2   | Reached skill level 13 in Spellcasting
 16139 | Lair:2   | Reached skill level 5 in Fighting
 16479 | Lair:2   | Found a hole to the Spider Nest.
 17669 | Lair:3   | Found a white marble altar of Elyvilon.
 17869 | Lair:3   | Reached skill level 14 in Spellcasting
 18030 | Lair:3   | Found the +3 giant club "Skullcrusher" {speed, Str+7}
 18094 | Lair:3   | Found a staircase to the Shoals.
 18151 | Lair:3   | Reached skill level 5 in Air Magic
 19916 | Lair:5   | Entered Level 5 of the Lair of Beasts
 19942 | Lair:5   | Noticed a six-headed hydra
 19957 | Lair:5   | Found a gate leading to a gauntlet.
 19969 | Lair:5   | Reached XP level 13. HP: 67/72 MP: 27/33
 19975 | Lair:5   | Reached skill level 15 in Spellcasting
 19992 | Gauntlet | Entered a Gauntlet
 19992 | Gauntlet | Found a transporter.
 20134 | Gauntlet | Found a transporter.
 20145 | Gauntlet | Found a transporter.
 20148 | Gauntlet | Found a transporter.
 20154 | Gauntlet | Found a runed translucent gate.
 20156 | Gauntlet | Found a runed translucent gate.
 20156 | Gauntlet | Found a transporter.
 20158 | Gauntlet | Found a runed translucent gate.
 20177 | Gauntlet | Found a transporter.
 20188 | Gauntlet | Found a transporter.
 20200 | Gauntlet | Found a transporter.
 20219 | Gauntlet | Found a transporter.
 20233 | Gauntlet | Found a transporter.
 20233 | Gauntlet | Found a transporter.
 20281 | Gauntlet | Found a transporter.
 20295 | Gauntlet | Found a transporter.
 20308 | Gauntlet | Found a transporter.
 20890 | Gauntlet | Identified the ring "Voalips" {rCorr Str+3}
 20933 | Gauntlet | Noticed a minotaur
 20950 | Gauntlet | Killed a minotaur
 20997 | Lair:5   | Found a staircase to the Slime Pits.
 21183 | Lair:5   | Learned a level 3 spell: Swiftness
 21186 | Lair:5   | Learned a level 2 spell: Blink
 22172 | Lair:5   | Reached skill level 16 in Spellcasting
 22507 | Lair:5   | Identified the +1 chain mail of Fortitude {rCorr}
 22719 | Lair:5   | Identified the ring of Accord {rC++ rCorr Int+2 Slay+2
                  | Stlth-}
 22731 | Lair:5   | Identified the +6 long sword of Gin and Tonic {speed,
                  | Stlth+}
 23393 | Lair:4   | Learned a level 6 spell: Conjure Ball Lightning
 23419 | Lair:5   | Reached XP level 14. HP: 78/78 MP: 24/36
 23873 | Lair:5   | Reached skill level 17 in Spellcasting
 24648 | D:11     | Killed Gastronok
 25482 | D:12     | Reached skill level 10 in Air Magic
 25917 | D:13     | Noticed a sphinx
 26087 | D:12     | Noticed Kirke
 26097 | D:12     | Noticed a sphinx
 26099 | D:12     | Killed Kirke
 27124 | D:13     | Reached skill level 18 in Spellcasting
 27320 | D:13     | Identified the +2 rapier "Cein" {protect, rElec rF+}
 27333 | D:13     | Found a radiant altar of Vehumet.
 27337 | D:13     | Found a transporter.
 27453 | D:13     | Noticed a sphinx
 27457 | D:13     | Reached skill level 15 in Conjurations
 27460 | D:13     | Killed a sphinx
 27461 | D:13     | Reached XP level 15. HP: 49/84 MP: 13/39
 27461 | D:13     | Killed a sphinx
 27839 | D:13     | Found a transporter.
 29447 | D:14     | Found a gate to the Vaults.
 29913 | D:15     | Entered Level 15 of the Dungeon
 29927 | D:15     | Reached skill level 1 in Shields
 30293 | D:15     | Noticed Louise
 30313 | D:15     | Killed Louise
 30941 | D:15     | Noticed Nessos
 30942 | D:15     | Nessos changed into Nessos the komodo dragon
 30942 | D:15     | Noticed Nessos
 30947 | D:15     | Killed Nessos the komodo dragon
 31975 | D:15     | Found a staircase to the Depths.
 32224 | Orc:1    | Entered Level 1 of the Orcish Mines
 32227 | Orc:1    | Noticed Sonja
 32230 | Orc:1    | Killed Sonja
 32757 | Orc:1    | Found Dihaecke's General Store.
 33050 | Orc:1    | Reached skill level 19 in Spellcasting
 33370 | Orc:2    | Entered Level 2 of the Orcish Mines
 33521 | Orc:2    | Found a staircase to the Elven Halls.
 33541 | Orc:2    | Found Ufudiu's Weapon Shoppe.
 33805 | Orc:2    | Gained mutation: You are agile. (Dex +4, Str/Int -1) [a
                  | neqoxec]
 34198 | Orc:2    | Paralysed by an orc sorcerer for 5 turns
 34309 | Orc:2    | Reached XP level 16. HP: 85/92 MP: 35/41
 34866 | Orc:2    | Found Giust's Book Shoppe.
 34866 | Orc:2    | Found Ulaez's Antique Weapon Shoppe.
 34871 | Orc:2    | Found Ywilit's Antique Armour Emporium.
 34875 | Orc:2    | Found Qidiufet's Assorted Antiques.
 35173 | Orc:2    | Bought 2 potions of heal wounds for 240 gold pieces
 35173 | Orc:2    | Bought a wand of roots (4) for 230 gold pieces
 35173 | Orc:2    | Bought a scroll of teleportation for 72 gold pieces
 35174 | Orc:2    | Bought a runed buckler for 202 gold pieces
 35174 | Orc:2    | Bought a smoking leather armour for 189 gold pieces
 35174 | Orc:2    | Identified the +2 leather armour of Orthodoxy {Regen+ Str-5
                  | Int+8 Stlth-} (You bought it in a shop on level 2 of the
                  | Orcish Mines)
 35336 | D:11     | Bought a ring of see invisible for 255 gold pieces
 35420 | Shoals:1 | Entered Level 1 of the Shoals
 35617 | Shoals:1 | Identified the ring of Medarghul {Fly rF++}
 36035 | Shoals:1 | Noticed a kraken
 36040 | Shoals:1 | Killed a kraken
 37139 | Shoals:2 | Noticed Polyphemus
 37143 | Shoals:2 | Killed Polyphemus
 38329 | Shoals:2 | Reached skill level 5 in Shields
 38668 | Shoals:3 | Found Coaro's Armour Emporium.
 38744 | Shoals:3 | Reached skill level 20 in Spellcasting
 39588 | Shoals:3 | Identified the +1 pair of gloves of Modern Contentment
                  | {Str+7}
 39799 | Shoals:3 | Found the +7 hand cannon "Mule" {flame, backblast, rF+}
 39809 | Shoals:3 | Reached XP level 17. HP: 65/99 MP: 43/43
 39987 | Shoals:4 | Entered Level 4 of the Shoals
 40011 | Shoals:4 | Reached skill level 1 in Translocations
 40388 | Shoals:4 | HP: 3/100 [merfolk javelineer/javelin (9)]
 40388 | Shoals:4 | Killed by an exploding ball lightning

Illustrated notes

Levels and vault maps discovered:
D:1:      dpeg_arrival_long_road, layout_basic,
          shapermc_ecumenical_altar_mp_urbaneastern
D:2:      layout_loops_ring, serial_rivers, chequers_serial_rivers_micro_e,
          chequers_serial_rivers_micro_a, chequers_serial_rivers_marsh,
          chequers_serial_rivers_small_3, chequers_serial_rivers_micro_e,
          kennysheep_generic_room_14, uniq_jessica, uniq_crazy_yiuf_cottage,
          uniq_terence
D:3:      layout_loops_ring, nicolae_uskayaw_murder_on_the_dancefloor,
          nzn_hepliaklqana_mist_gate, minmay_cupped
D:4:      layout_rooms, mainiacjoe_overflow_chevrons, kennysheep_potato
D:5:      layout_loops_ring
D:6:      layout_gridville, uniq_pikel
D:7:      layout_cave_pools, grunt_temple_overflow_open,
          nemelex_dance_club_becter, minmay_temple_entry_crystal_x,
          nicolae_the_louvre
D:8:      layout_loops_corners, tgw_kikubaaqudgha
D:9:      layout_roguey, special_room [special_room_kobold],
          nicolae_fountain_basement, uniq_psyche, uniq_harold
D:10:     layout_long_grid, nicolae_wu_jian_wuxing_cycle,
          mainiacjoe_overflow_six_doors_small, orc_0_dummy, serial_bayou_ford_a
D:11:     lemuel_bear_cage, layout_basic, lair_entry_dummy, serial_shops,
          nicolae_shop_tiny_real_fake_doors, nicolae_shop_bloodbath_and_beyond,
          nicolae_shop_rolling_square, shop, lemuel_another_geyser,
          uniq_erolcha, uniq_gastronok
D:12:     layout_loops_ring, uniq_kirke
D:13:     gammafunk_sealed_library, layout_basic, kennysheep_generic_room_11
D:14:     layout_loops_ring, ximxim_vaults_locker_room, serial_demonic,
          serial_demonic_a, serial_demonic_f, serial_demonic_g,
          serial_demonic_d, minmay_misc_feat_columns, kennysheep_nub
D:15:     hangedman_depths_entry_try_elsewhere_first, layout_gridville,
          grunt_decor_resistance, uniq_nessos, uniq_louise
Lair:1:   layout_cave_pods
Lair:2:   layout_hall_layers, spider_nest_entry_funnel_web,
          serial_bayou_crossing
Lair:3:   layout_cave_pods, elwin_shoals_entry_stream, basic_altar,
          nicolae_lair_lil_pond
Lair:4:   layout_regular_city, grunt_megastairs_4
Lair:5:   hangedman_lair_in_review, layout_cave_shapes,
          hangedman_lair_caniforms_friends, slime_entry_1,
          gauntlet_entry_generic
Shoals:1: layout_shoals, st_cyclops
Shoals:2: layout_shoals, uniq_polyphemus
Shoals:3: layout_shoals, serial_shops, shop
Shoals:4: shoals_end_grunt_ice, layout_shoals, nicolae_shoals_land_atoll,
          nicolae_shoals_water_shrine
Orc:1:    layout_caves, serial_shops, nicolae_shop_advertising_works
          [nicolae_subvault_shop_adworks], uniq_sonja
Orc:2:    st_orc_mages, layout_diamond_mine, serial_shops, nicolae_shop_trees

Skill      XL: |  1  2  3  4  5  6  7  8  9 10 11 12 13 14 15 16 17 |
---------------+----------------------------------------------------+-----
Fighting       | 1 2 4 5 6 7 8 9 |  9.0
Conjurations   | 2 3 4 5 6 7 9 10 12 13 15 16 17 | 17.0
Fire Magic     | 4 5 6 8 9 10 | 10.0
Spellcasting   | 4 5 7 9 11 12 14 16 18 19 20 | 20.3
Invocations    | 1 2 4 5 6 8 9 10 12 | 12.0
Evocations     | 2 4 5 |  5.0
Air Magic      | 1 6 8 10 11 12 | 12.9
Shields        | 3 5 |  5.8
Translocations | 2 |  2.3
Dodging        | |  2.4
Stealth        | |  2.4

Action                     |  1- 3 |  4- 6 |  7- 9 | 10-12 | 13-15 | 16-18 || total
---------------------------+-------+-------+-------+-------+-------+-------++-------
  Melee: Unarmed           |       |     9 |       |       |       |       ||     9
         Staff             |       |       |     4 |       |    39 |     1 ||    44
  Throw: Dart              |       |       |       |    16 |       |       ||    16
   Cast: Foxfire           |    21 |    48 |    59 |    22 |       |       ||   150
         Scorch            |    17 |    62 |    76 |    67 |     3 |       ||   225
         Volatile Blastmot |       |     2 |    26 |   100 |     4 |       ||   132
         Flame Wave        |       |       |     8 |     5 |     6 |       ||    19
         Arcjolt           |       |       |       |    72 |   208 |    19 ||   299
         Conjure Ball Ligh |       |       |       |       |   155 |   120 ||   275
         Swiftness         |       |       |       |       |     1 |       ||     1
 Invoke: Stomp             |       |       |       |       |     1 |       ||     1
  Evoke: Wand              |       |       |    16 |    12 |     7 |     2 ||    37
    Use: Scroll            |     4 |     4 |    13 |    15 |     4 |     4 ||    44
         Potion            |       |       |       |     3 |     2 |     5 ||    10
   Stab: Paralysed         |       |       |       |       |     7 |       ||     7
 Armour: Robe              |       |     9 |    47 |    98 |   237 |   104 ||   495
         Leather armour    |       |       |       |       |       |    53 ||    53
  Dodge: Dodged            |       |    15 |    38 |    60 |   128 |    20 ||   261
  Block: Buckler           |       |       |       |       |       |     7 ||     7
         Kite shield       |       |       |       |       |       |     3 ||     3

Table legend: (Time is in decaauts)
 A = Elapsed time spent in this place.
 B = Non-inter-level travel time spent in this place.
 C = Inter-level travel time spent in this place.
 D = Time resting spent in this place.
 E = Time spent auto-exploring this place.
 F = Levels seen in this place.
 G = Mean time per level.
                   A        B        C        D        E       F      G
               +--------+--------+--------+--------+--------+-----+--------+
         Total |  40441 |  38712 |   1729 |   1410 |  30774 |  27 | 1497.8 |
       Dungeon |  22648 |  21539 |   1109 |    809 |  17539 |  15 | 1509.9 |
          Lair |   9288 |   8902 |    386 |     15 |   7593 |   5 | 1857.6 |
        Shoals |   4754 |   4632 |    122 |    216 |   3241 |   4 | 1188.5 |
  Orcish Mines |   2784 |   2673 |    111 |      0 |   2072 |   2 | 1392.0 |
      Gauntlet |    966 |    966 |      0 |    370 |    329 |   1 |  966.0 |
               +--------+--------+--------+--------+--------+-----+--------+

Top non-repeatable levels by time:
  Lair:5: 3522 daAuts
    D:11: 2230 daAuts
     D:9: 2114 daAuts
    D:15: 2057 daAuts
    D:13: 2040 daAuts
   Orc:2: 1869 daAuts
    D:10: 1829 daAuts
  Lair:3: 1767 daAuts
    D:14: 1738 daAuts
Shoals:2: 1689 daAuts
Shoals:1: 1518 daAuts
     D:8: 1503 daAuts
    D:12: 1464 daAuts
  Lair:4: 1460 daAuts
Shoals:3: 1454 daAuts
